 Dungeon Crawl Stone Soup version 0.19.5 (webtiles) character file.

77 Haldmier the Slasher (level 4, -4/29 HPs)
             Began as a High Elf Skald on Apr 8, 2017.
             Killed from afar by Natasha (6 damage)
             ... with a magic dart
             ... on level 2 of the Dungeon.
             The game lasted 00:05:03 (1950 turns).

Haldmier the Slasher (High Elf Skald)               Turns: 1950, Time: 00:05:03

Health: -4/29      AC:  5    Str: 17    XL:     4   Next: 14%
Magic:  1/8        EV: 11    Int: 16    God:
Gold:   114        SH:  0    Dex: 14    Spells: 3 memorised, 1 level left

rFire  . . .     SeeInvis .     a - +0 falchion
rCold  . . .     Gourm    .     b - +0 leather armour
rNeg   . . .     Faith    .     (no shield)
rPois  .         Spirit   .     (no helmet)
rElec  .         Reflect  .     n - +0 cloak
rCorr  .         Harm     .     f - +0 pair of gloves
MR     .....                    (no boots)
Stlth  +.........               (no amulet)
                                (no ring)
                                (no ring)

@: mighty, slowed, very slow
A: no striking features
a: no special abilities


You were on level 2 of the Dungeon.
You were not hungry.

You visited 1 branch of the dungeon, and saw 2 of its levels.

You collected 114 gold pieces.

Inventory:

Hand Weapons
 a - a +0 falchion (weapon)
Missiles
 g - 52 stones (quivered)
Armour
 b - a +0 leather armour (worn)
 f - a +0 pair of gloves (worn)
 n - a +0 cloak (worn)
 p - a +0 ring mail
Jewellery
 i - a +4 ring of evasion {unknown}
Scrolls
 e - 2 scrolls of identify {unknown}
 h - 2 scrolls of remove curse {unknown}
 k - a scroll of blinking {unknown}
 m - a scroll of fog {unknown}
 o - a scroll of immolation {unknown}
 r - a scroll of teleportation {unknown}
Potions
 j - 2 potions of heal wounds {unknown}
 q - a potion of might
Books
 c - a book of Battle

   Spells                             Type                      Level
   a - Infusion                       Charms                       1
   b - Shroud of Golubria             Charms/Translocation         2
   c - Song of Slaying                Charms                       2
   d - Spectral Weapon                Hexes/Charms                 3
   e - Regeneration                   Charms/Necromancy            3
Comestibles
 d - a bread ration
 l - 2 chunks of flesh


   Skills:
 - Level 2.0 Fighting
 + Level 4.3 Long Blades
 - Level 0.8 Armour
 - Level 1.1 Dodging
 - Level 2.4 Spellcasting
 * Level 1.1 Hexes
 - Level 3.6 Charms
 + Level 2.1 Translocations


You had one spell level left.
You knew the following spells:

 Your Spells              Type           Power        Failure   Level  Hunger
a - Infusion              Chrm           ##..         8%          1    #......
b - Shroud of Golubria    Chrm/Tloc      ##........   14%         2    ###....
c - Spectral Weapon       Hex/Chrm       #.......     34%         3    ###....


Dungeon Overview and Level Annotations

Branches:
Dungeon (2/15)

Altars:

Annotations:
D:2 Natasha


Message History

You see here the felid corpse of Natasha.
You butcher the felid corpse of Natasha.
l - 2 chunks of flesh (gained 1)
There is a stone staircase leading up here.
You start resting.
Natasha claws you.
Natasha, Servant of Life and Death comes into view.
You take 4 damage, and have 9/29 hp.
You barely miss Natasha. Natasha misses you.
You completely miss Natasha.
Natasha stares at you and mumbles some strange words.
The magic dart hits you!
* * * LOW HITPOINT WARNING * * *
Natasha mumbles some strange words.
You take 8 damage, and have 2/29 hp.
MASSIVE DAMAGE!!
You miss Natasha. Natasha claws you but does no damage.
It was a potion of might.
You feel very mighty all of a sudden. Natasha casts a spell at you.
The magic dart hits you!
You die...

.# ### #.# ... #.#######
#.###........
#.#.#........
#.#.#........
####.#@#........
#>.....h........
###.##.#.#........
#...##.#.#.#######
#...##.#.#.#
#......#.#'######
########...≈≈...........
#........≈≈≈≈≈.........[
#........≈≈≈≈≈..........


You could see Natasha.

Vanquished Creatures
  Natasha (twice) (D:2)
  A worm (D:1)
  A dart slug (D:1)
  A leopard gecko (D:2)
  2 giant cockroaches (D:1)
  2 hobgoblins
  3 ball pythons (D:1)
  A bat (D:1)
  4 frilled lizards (D:2)
  3 goblins
  4 kobolds
  3 rats (D:2)
27 creatures vanquished.

Notes
Turn   | Place    | Note
-------+----------+-------------------------------------------
     0 | D:1      | Haldmier the High Elf Skald began the quest for the Orb.
     0 | D:1      | Reached XP level 1. HP: 14/14 MP: 4/4
   275 | D:1      | Reached skill level 3 in Long Blades
   396 | D:1      | Reached XP level 2. HP: 13/19 MP: 6/6
   592 | D:1      | Learned a level 2 spell: Shroud of Golubria
  1206 | D:2      | Noticed Natasha
  1489 | D:2      | Reached skill level 1 in Translocations
  1748 | D:2      | Killed Natasha
  1748 | D:2      | Reached skill level 4 in Long Blades
  1748 | D:2      | Reached XP level 3. HP: 18/24 MP: 0/7
  1805 | D:2      | Learned a level 3 spell: Spectral Weapon
  1922 | D:2      | Noticed Natasha
  1940 | D:2      | Killed Natasha
  1940 | D:2      | Reached skill level 1 in Hexes
  1940 | D:2      | Reached XP level 4. HP: 12/29 MP: 0/8
  1947 | D:2      | Noticed Natasha
  1950 | D:2      | Killed from afar by Natasha

Skill      XL: |  1  2  3 |
---------------+----------+-----
Long Blades    | 3 4 |  4.3
Translocations | 1 2 |  2.1
Hexes          | 1 |  1.1
Fighting       | |  2.0
Armour         | |  0.8
Dodging        | |  1.1
Spellcasting   | |  2.4
Charms         | |  3.6

Action                   |  1- 3 |  4- 6 || total
-------------------------+-------+-------++-------
Melee: Falchion          |    75 |     3 ||    78
 Cast: Infusion          |    16 |       ||    16
       Shroud of Golubri |     4 |       ||     4
  Use: Potion            |       |     1 ||     1
 Stab: Sleeping          |     1 |       ||     1
  Eat: Chunk             |     4 |       ||     4
Armor: Leather armour    |    24 |     1 ||    25
Dodge: Dodged            |    38 |     1 ||    39
       Rpst.: Falchion   |     8 |       ||     8
